 Dungeon Crawl Stone Soup version 0.13-a0-2450-ga447c6a (webtiles) character file.

20635 Kae the Markscentaur (level 12, -2/97 HPs)
             Began as a Centaur Hunter on July 17, 2013.
             Was an Elder of Okawaru.
             Splashed by a brown ugly thing's acid (6 damage)
             ... on Level 13 of the Dungeon.
             The game lasted 00:43:45 (19358 turns).

Kae the Markscentaur (Centaur Hunter)              Turns: 19358, Time: 00:43:45

HP  -2/97        AC  3     Str 16      XL: 12   Next: 42%
MP  18/23        EV  1     Int 10      God: Okawaru [****..]
Gold 514         SH  0     Dex 14      Spells:  0 memorised, 11 levels left

Res.Fire  : . . .   See Invis. : .   a - +4,+5 elf bow (flame)
Res.Cold  : . . .   Warding    : .   (no armour)
Life Prot.: + + +   Conserve   : .   (no shield)
Res.Poison: +       Res.Corr.  : .   (no helmet)
Res.Elec. : .       Clarity    : .   (no cloak)
Sust.Abil.: . .     Spirit.Shd : .   (no gloves)
Res.Mut.  : .       Stasis     : .   (no barding)
Res.Rott. : +       Flight     : .   (no amulet)
Saprovore : . . .                    (no ring)
                                     (no ring)

@: petrified, heroism, finesse, very quick, somewhat resistant to hostile
enchantments, fairly stealthy
A: hooves 3, deformed body, herbivore 1, speed 2, fast metabolism 1, tough skin
3
a: Heroism, Renounce Religion


You were on level 13 of the Dungeon.
You worshipped Okawaru.
Okawaru was extremely pleased with you.
You were not hungry.

You visited 2 branches of the dungeon, and saw 14 of its levels.

You collected 810 gold pieces.
You spent 316 gold pieces at shops.

Inventory:

Hand weapons
 a - a +4,+5 elven bow of flame (weapon)
 b - a +0,+4 bow of frost
 k - a +5,+3 orcish war axe
 o - a -1,+0 orcish war axe
 D - a +1,+1 bow
Missiles
 h - 81 arrows (quivered)
 u - 5 curare-tipped needles
 C - 15 darts
 R - 36 arrows of flame
 S - 48 arrows of dispersal
 W - 13 poisoned arrows
Armour
 d - a +1 leather armour
 s - a +0 pair of gloves
 x - a +1 orcish leather armour of positive energy
 P - a +1 dwarven cloak
 Q - a +0 leather armour of poison resistance
Magical devices
 F - a wand of polymorph (6)
 X - a wand of disintegration (7)
Comestibles
 f - 9 bread rations
 v - 3 meat rations
 V - 15 sultanas
Scrolls
 e - 2 scrolls of noise
 t - 2 scrolls of teleportation
 y - a scroll of enchant weapon II
 H - a scroll of recharging {unknown}
 J - a scroll of blinking
 K - 2 scrolls of fear
Jewellery
 c - an uncursed ring of positive energy
 j - an uncursed ring of fire
 l - an uncursed ring of teleportation
 n - an uncursed ring of sustain abilities
 p - an uncursed ring of sustenance
 r - a +3 ring of evasion
 A - an uncursed ring of ice
 I - an uncursed ring of positive energy
 T - an uncursed ring of sustenance
Potions
 g - 2 potions of restore abilities
 i - a potion of agility
 q - a potion of brilliance
 z - 2 potions of might
 B - 2 potions of speed
 L - 6 potions of curing
 O - a potion of flight
Books
 m - a book of Callings

   Spells                             Type                      Level
   Summon Small Mammal                Summoning                    1
   Call Imp                           Summoning                    2
   Call Canine Familiar               Summoning                    3
   Summon Scorpions                   Summoning/Poison             4
   Summon Ice Beast                   Ice/Summoning                4
 w - a book of Annihilations {highlevel}

   This book is beyond your current level of understanding.

   Spells                             Type                      Level
   Poison Arrow                       Conjuration/Poison           6
   Orb of Destruction                 Conjuration                  7
   Chain Lightning                    Conjuration/Air              8
   Lehudib's Crystal Spear            Conjuration/Earth            8
   Ice Storm                          Conjuration/Ice              9
   Fire Storm                         Conjuration/Fire             9
 G - a book of the Earth

   Spells                             Type                      Level
   Dig                                Earth                        4
   Leda's Liquefaction                Hexes/Earth                  4
   Bolt of Magma                      Conjuration/Fire/Earth       5
   Statue Form                        Transmutation/Earth          6
   Iron Shot                          Conjuration/Earth            6
   Shatter                            Earth                        9
 U - a book of Control

   Spells                             Type                      Level
   Control Teleport                   Charms/Translocation         4
   Control Undead                     Necromancy                   4
   Enslavement                        Hexes                        4
   Mass Confusion                     Hexes                        6
   Metabolic Englaciation             Hexes/Ice                    6


   Skills:
 + Level 8.4(13.4) Fighting
 - Level 18.1(23.1) Bows
 + Level 6.8(11.8) Dodging
 - Level 0.5(5.5) Stealth
 + Level 9.6 Invocations


You had 11 spell levels left.
You didn't know any spells.

Dungeon Overview and Level Annotations

Branches:
Dungeon (13/27)            Temple (1/1) D:6             Orc (0/4) D:9
   Lair (0/8) D:12

Altars:
Ashenzari
Cheibriados
Elyvilon
Fedhas
Kikubaaqudgha
Makhleb
Nemelex Xobeh
Okawaru
Sif Muna
Trog
Vehumet
Xom
Yredelemnul
Zin
the Shining One

Shops:
D:4: (=* D:7: ! D:9: % D:11: %[ D:13: (


Innate Abilities, Weirdness & Mutations

You have hooves in place of feet.
Armour fits poorly on your strangely shaped body.
You digest meat inefficiently.
You cover ground very quickly.
You have a fast metabolism.
You have extremely tough skin (AC +3).


Message History

The acid burns!
The brown ugly thing bites you.
You are splashed with acid!
The acid burns!
The brown ugly thing kicks you!
You are splashed with acid!
The acid burns!
The basilisk bites you!
* * * LOW HITPOINT WARNING * * *
The brown ugly thing bites you.
* * * LOW HITPOINT WARNING * * *
You are splashed with acid!
The acid burns!
* * * LOW HITPOINT WARNING * * *
The brown ugly thing barely misses you.
The basilisk bites you but does no damage.
The brown ugly thing trunk-slaps you.
* * * LOW HITPOINT WARNING * * *
You are splashed with acid!
The acid burns!
* * * LOW HITPOINT WARNING * * *
The green ugly thing claws you but does no damage.
The brown ugly thing bites you!
* * * LOW HITPOINT WARNING * * *
You are splashed with acid!
The acid burns!
You die...

..... # #.#...........###)... ...
.#..# #.##.........#....... .#
#.....##.##..(...(..#....... .#
##...................##.......
.##..............................
.................................
....##...........................
...............ul................
u....(.((.(.((uu@...............)
.......(.(###..uu........>.......
.(.......# #.............##......
.u(......# ##............####....
u(((......##.........>....# #....
..(....... #..............##.....
..(.....≈♣ .....♣♣;♣♣...... .....
.......{♣♣♣≈♣≈≈♣≈≈≈P≈♣..... ###..
#..(..P♣≈ ♣♣♣♣≈P≈≈≈≈≈. ##.


You could see 5 ugly things, a basilisk and a shark (wandering).

Vanquished Creatures
  Josephine (D:12)
  The ghost of oinker the Spear-Bearer, a powerful MiFi of Okawaru (D:11)
  Erolcha (D:10)
  2 unseen horrors
  Joseph (D:9)
  5 hill giants
  A stone golem (D:8)
  An elephant (D:12)
  Psyche (D:9)
  3 trolls
  A spriggan (D:11)
  A trapdoor spider zombie (D:9)
  16 ugly things
  A shadow (D:11)
  4 yaks (D:9)
  An elephant slug (D:12)
  3 wyverns
  2 hill giant zombies
  Eustachio (D:8)
  2 hippogriffs
  Grum (D:8)
  4 wolves (D:8)
  2 soldier ants (D:11)
  Edmund (D:7)
  4 manticores
  3 orc warriors
  3 ice beasts
  4 phantoms
  A black bear (D:6)
  2 sky beasts
  2 crocodiles
  8 centaurs
  7 ogres
  Sigmund (D:6)
  7 giant frogs
  2 big kobolds (D:11)
  A wyvern zombie (D:13)
  A manticore zombie (D:12)
  A water moccasin (D:13)
  An agate snail (D:12)
  A manticore skeleton (D:12)
  A cyclops skeleton (D:13)
  13 killer bees
  A jellyfish (D:6)
  A troll skeleton (D:12)
  5 wights (D:12)
  A hippogriff skeleton (D:12)
  2 goliath beetles
  8 crimson imps
  A quasit (D:12)
  4 giant frog zombies
  A gnoll shaman (D:4)
  A basilisk zombie (D:12)
  3 scorpions
  3 iguanas
  An orc priest (D:12)
  A giant frog skeleton (D:9)
  8 hounds
  11 worker ants
  13 orc wizards
  2 jellies
  A sheep (D:12)
  2 killer bee zombies (D:11)
  A giant frog simulacrum (D:12)
  An ogre zombie (D:8)
  Ijyb (D:2)
  Jessica (D:2)
  A mummy (D:10)
  10 adders
  14 gnolls
  A shadow imp (D:8)
  A giant mite (D:5)
  5 worms
  3 giant eyeballs
  10 giant geckos
  An ooze (D:3)
  46 orcs
  10 giant cockroaches
  20 hobgoblins
  14 jackals
  23 kobolds
  4 quokkas
  13 bats
  5 giant newts
  A giant spore (D:8)
  12 goblins
  A jackal skeleton (D:5)
  A jackal zombie (D:8)
  An orc skeleton (D:5)
  12 rats
  A ballistomycete (D:8)
404 creatures vanquished.

Vanquished Creatures (others)
  A worker ant (D:12)
  2 orcs
  A giant newt (D:3)
  2 rats
  A plant (D:13)
7 creatures vanquished.

Grand Total: 411 creatures vanquished

Notes
Turn   | Place    | Note
--------------------------------------------------------------
     0 | D:1      | Kae, the Centaur Hunter, began the quest for the Orb.
     0 | D:1      | Reached XP level 1. HP: 17/17 MP: 0/0
   415 | D:1      | Reached XP level 2. HP: 16/24 MP: 1/1
   434 | D:1      | Reached skill level 6 in Bows
  1216 | D:2      | Reached XP level 3. HP: 29/29 MP: 2/2
  1373 | D:2      | Noticed Ijyb
  1379 | D:2      | Killed Ijyb
  1379 | D:2      | Reached skill level 7 in Bows
  1548 | D:2      | Noticed Jessica
  1549 | D:2      | Killed Jessica
  1549 | D:2      | Reached XP level 4. HP: 36/36 MP: 2/2
  1833 | D:3      | Reached skill level 8 in Bows
  2425 | D:3      | Found a glowing golden altar of the Shining One.
  2450 | D:3      | Reached XP level 5. HP: 28/41 MP: 3/3
  3403 | D:4      | Found Graif's General Store.
  3417 | D:4      | Bought a potion of curing for 20 gold pieces
  3417 | D:4      | Bought a potion of heal wounds for 30 gold pieces
  3446 | D:4      | Reached skill level 9 in Bows
  3495 | D:4      | Noticed a phantom
  3520 | D:4      | Killed a phantom
  3520 | D:4      | Reached XP level 6. HP: 39/48 MP: 4/4
  3594 | D:4      | Reached skill level 10 in Bows
  3893 | D:4      | Found Wucik's Antique Weapon Emporium.
  3911 | D:4      | Bought a glowing elven bow for 77 gold pieces
  3964 | D:4      | Found Iggadikh's Jewellery Shop.
  4929 | D:3      | Reached XP level 7. HP: 39/53 MP: 4/4
  4932 | D:3      | Reached skill level 11 in Bows
  5457 | D:5      | Entered Level 5 of the Dungeon
  6163 | D:4      | Reached skill level 12 in Bows
  6806 | D:5      | HP: 2/53 [poisoned by a kobold (curare-tipped needle)]
  7471 | D:5      | Reached XP level 8. HP: 47/61 MP: 5/5
  7674 | D:5      | Reached skill level 13 in Bows
  8741 | D:6      | Reached skill level 14 in Bows
  9005 | D:6      | Noticed Sigmund
  9152 | D:6      | Killed Sigmund
  9352 | D:6      | Found a staircase to the Ecumenical Temple.
  9366 | Temple   | Entered the Ecumenical Temple
  9582 | Temple   | Became a worshipper of Warmaster Okawaru
  9789 | D:7      | Reached skill level 15 in Bows
  9920 | D:7      | Reached XP level 9. HP: 38/67 MP: 6/6
 10392 | D:7      | Noticed Edmund
 10400 | D:7      | Killed Edmund
 10487 | D:7      | Found Rekhlefoi's Distillery.
 10514 | D:7      | Bought a potion of curing for 30 gold pieces
 10514 | D:7      | Bought a potion of heal wounds for 45 gold pieces
 10514 | D:7      | Bought a potion of curing for 30 gold pieces
 10517 | D:7      | Paralysed by a potion of paralysis for 3 turns
 10742 | D:7      | Paralysed by a giant eyeball for 2 turns
 10966 | D:8      | Reached skill level 16 in Bows
 11082 | D:8      | Noticed Eustachio
 11089 | D:8      | Killed Eustachio
 11220 | D:8      | Acquired Okawaru's first power
 11321 | D:8      | Reached skill level 17 in Bows
 11328 | D:8      | Found a bloodstained altar of Trog.
 11446 | D:8      | Noticed Grum
 11462 | D:8      | Killed Grum
 11631 | D:8      | Noticed a stone golem
 11701 | D:8      | Killed a stone golem
 11701 | D:8      | Reached skill level 18 in Bows
 11701 | D:8      | Reached XP level 10. HP: 73/73 MP: 6/6
 12278 | D:9      | Reached skill level 1 in Invocations
 12363 | D:9      | Found a staircase to the Orcish Mines.
 12980 | D:9      | Found Aloq's Food Shop.
 13322 | D:9      | Noticed Joseph
 13332 | D:9      | Killed Joseph
 13359 | D:9      | Found a shimmering altar of Xom.
 13360 | D:9      | Noticed a draconian
 13361 | D:9      | Found a shimmering altar of Xom.
 13362 | D:9      | Found a shimmering altar of Xom.
 13362 | D:9      | Found a shimmering altar of Xom.
 13362 | D:9      | a draconian changed into a giant slug
 13370 | D:9      | Noticed Psyche
 13373 | D:9      | Killed Psyche
 13385 | D:9      | Found a shimmering altar of Xom.
 13387 | D:9      | Found a shimmering altar of Xom.
 13408 | D:9      | Noticed a shining eye
 13601 | D:10     | Entered Level 10 of the Dungeon
 13601 | D:10     | Noticed a hill giant
 13698 | D:10     | Killed a hill giant
 13708 | D:10     | Reached skill level 5 in Invocations
 13725 | D:10     | Noticed a hill giant
 13728 | D:10     | Noticed Erolcha
 13800 | D:10     | Noticed a hill giant
 13969 | D:10     | Killed a hill giant
 13969 | D:10     | Reached XP level 11. HP: 80/84 MP: 16/16
 13994 | D:10     | Killed Erolcha
 13994 | D:10     | Reached skill level 5 in Fighting
 14036 | D:10     | Killed a hill giant
 14036 | D:10     | Received a gift from Okawaru
 14090 | D:10     | Noticed a hill giant
 14095 | D:10     | Killed a hill giant
 14095 | D:10     | Received a gift from Okawaru
 14347 | D:11     | Found Juofu's Armour Boutique.
 14354 | D:11     | Bought a +0 leather armour of poison resistance for 84 gold pieces
 14606 | D:11     | Killed an unseen horror
 15103 | D:11     | Reached skill level 5 in Dodging
 15114 | D:11     | Acquired Okawaru's second power
 15114 | D:11     | Received a gift from Okawaru
 15204 | D:11     | Noticed oinker's ghost (powerful MiFi)
 15218 | D:11     | Killed oinker's ghost
 15253 | D:11     | Found Ubrav's Food Emporium.
 16024 | D:12     | Received a gift from Okawaru
 16064 | D:12     | Found a staircase to the Lair.
 16414 | D:12     | Noticed Josephine
 16428 | D:12     | Killed Josephine
 16428 | D:12     | Received a gift from Okawaru
 16600 | D:12     | Noticed a hill giant
 16610 | D:12     | Killed a hill giant
 16610 | D:12     | Reached XP level 12. HP: 84/96 MP: 22/22
 17020 | D:13     | Found Smaoh's Antique Weapon Shop.
 18561 | D:12     | Received a gift from Okawaru
 19345 | D:13     | Received a gift from Okawaru
 19358 | D:13     | HP: 4/97 [brown ugly thing (6)]
 19358 | D:13     | Splashed by a brown ugly thing's acid

Action                   |  1- 3 |  4- 6 |  7- 9 | 10-12 || total
-------------------------+-------+-------+-------+-------++-------
Melee: Short sword       |    61 |   113 |       |       ||   174
       War axe           |       |    34 |   277 |    71 ||   382
       Bow               |       |       |       |     1 ||     1
 Fire: Bow               |    15 |    74 |   201 |   569 ||   859
Invok: Heroism           |       |       |     2 |    12 ||    14
       Finesse           |       |       |       |     2 ||     2
Evoke: Wand              |       |       |       |     3 ||     3
  Use: Scroll            |       |    17 |     8 |    11 ||    36
       Potion            |       |     2 |     8 |     2 ||    12
